 Dungeon Crawl Stone Soup version 0.18.1-48-g4cf74bf (webtiles) character file.

1457 Lovchig the Shield-Bearer (level 8, 0/68 (71) HPs)
             Began as a Minotaur Fighter on July 10, 2016.
             Was an Initiate of Nemelex Xobeh.
             Slain by an orc (1 damage)
             ... on level 5 of the Dungeon.
             The game lasted 00:14:44 (3435 turns).

Lovchig the Shield-Bearer (Minotaur Fighter)        Turns: 3435, Time: 00:14:45

HP:   0/68 (71)     AC: 13    Str: 23    XL:     8   Next: 47%
MP:   7/7           EV:  5    Int:  5    God:    Nemelex Xobeh [......]
Gold: 357           SH: 11    Dex: 10    Spells: 0 memorised, 7 levels left

rFire  + . .     SeeInvis .     a - +0 war axe
rCold  . . .     Gourm    .     v - +0 plate armour
rNeg   . . .     Faith    .     c - +0 shield
rPois  .         Spirit   .     (helmet restricted)
rElec  .         Dismiss  .     (no cloak)
rCorr  .         Reflect  .     (no gloves)
SustAt .         Harm     +     (no boots)
MR     .....                    k - amulet of harm
Stlth  ..........               (no ring)
                                t - ring of protection from fire

@: not resistant to hostile enchantments, extremely unstealthy
A: retaliatory headbutt, horns 2
a: Renounce Religion


You were on level 5 of the Dungeon.
You worshipped Nemelex Xobeh.
Nemelex Xobeh was noncommittal.
You were hungry.

You visited 2 branches of the dungeon, and saw 6 of its levels.
You also visited: Ossuary.

You collected 357 gold pieces.

Inventory:

Hand Weapons
 a - a +0 war axe (weapon)
Armour
 c - a +0 shield (worn)
 v - a +0 plate armour (worn)
Jewellery
 k - an amulet of harm (around neck)
 t - a ring of protection from fire (left hand)
Wands
 o - a wand of confusion (21/48)
Scrolls
 b - a scroll of blinking
 j - 2 scrolls of teleportation
 m - a scroll of fog
 r - 2 scrolls of recharging
 s - a scroll of magic mapping
Potions
 e - a potion of flight
 g - a potion of haste
 h - a potion of ambrosia
 i - 2 potions of brilliance
 p - a potion of lignification
Comestibles
 f - 2 bread rations
 l - a meat ration
 n - a beef jerky
 q - a slice of pizza


   Skills:
 * Level 6.6 Fighting
 * Level 6.1 Axes
 * Level 7.4 Armour
 + Level 1.0 Dodging
 + Level 0.8 Stealth
 * Level 7.8 Shields


You had 7 spell levels left.
You didn't know any spells.

Dungeon Overview and Level Annotations

Branches:
Dungeon (5/15)             Temple (1/1) D:4

Altars:
Dithmenos
Elyvilon
Gozag
Kikubaaqudgha
Nemelex Xobeh
Qazlal
Sif Muna
Vehumet
Xom
The Shining One

Shops:
D:4 [


Innate Abilities, Weirdness & Mutations

You reflexively headbutt those who attack you in melee.
You have a pair of horns on your head.


Message History

Reactivating autopickup.
You feel a bit more experienced.
The orc priest miscasts a cantrip.
You barely miss the orc. The orc hits you.
* * * LOW HITPOINT WARNING * * *
The orc priest looks braver for a moment.
The orc hits you.
* * * LOW HITPOINT WARNING * * *
You closely miss the orc. You block the orc's attack.
You barely miss the orc.
The orc shouts!
You headbutt the orc.
The orc is moderately wounded.
The orc hits you.
* * * LOW HITPOINT WARNING * * *
You closely miss the orc.
The orc is moderately wounded.
The orc hits you.
You die...
Your body disappears without a glow.

####........o..#####....#
#.....##.#o.# #.#.##
###### ####.....##.#..#
#.#.# #.....
...............# #.#.#
#.#### ####.#.#.##.#..#
#.#.# #.# **#.#.#.##....#
#.#.# #.# *,..#.#....o).#
#.#.# #.#
*.###..#.###.######o.>#
#.# *#.**##...#
#o5o@......# #.#
,o,,***.#.#*#.#######..#
#.# o.,,,,,..,,...#
#..#####.#
**,,,,,,,...###
#........# **,****,####*
#.######## ,,,,,,,,* #.#
**,****,************#.#
**,,,,,,,,,,,,,,,,,,..#
,,,,,,,,************###


You could see an orc priest, a shadow imp and 2 orcs.

Vanquished Creatures
  The ghost of Anouleth the Chiller, an amateur MfIE (D:4)
  Sigmund (D:3)
  Edmund (D:5)
  An orc warrior (D:5)
  A phantom (D:5)
  A necrophage (D:5)
  A howler monkey (D:5)
  5 crimson imps
  A jelly (D:5)
  2 iguanas (D:4)
  A giant frog skeleton (D:5)
  An orc wizard (D:5)
  A worker ant (D:4)
  5 big kobold zombies (Ossuary)
  2 mummies (Ossuary)
  4 gnolls
  5 adders
  A shadow imp (D:5)
  An ooze (D:3)
  3 adder skeletons
  2 worms
  3 dart slugs
  4 giant geckos
  7 orcs
  2 ball pythons
  4 giant cockroaches
  2 gnoll zombies (Ossuary)
  10 hobgoblins
  4 jackals (D:4)
  4 quokkas
  8 bats
  8 giant newts
  8 goblins
  2 goblin zombies (Ossuary)
  3 hobgoblin zombies (Ossuary)
  A jackal skeleton (D:5)
  6 kobolds
  2 orc zombies (Ossuary)
  8 rats
127 creatures vanquished.

Notes
Turn   | Place    | Note
--------------------------------------------------------------
     0 | D:1      | Lovchig the Minotaur Fighter began the quest for the Orb.
     0 | D:1      | Reached XP level 1. HP: 19/19 MP: 0/0
   129 | D:1      | Reached XP level 2. HP: 20/27 MP: 1/1
   623 | D:1      | Reached XP level 3. HP: 33/33 MP: 2/2
   835 | D:2      | Found a glowing golden altar of the Shining One.
   856 | D:2      | Reached XP level 4. HP: 29/41 MP: 3/3
  1384 | D:3      | Found a stormy altar of Qazlal.
  1470 | D:3      | Noticed Sigmund
  1505 | D:3      | Killed Sigmund
  1505 | D:3      | Reached skill level 5 in Armour
  1505 | D:3      | Reached skill level 5 in Shields
  1505 | D:3      | Reached XP level 5. HP: 9/47 MP: 4/4
  1816 | D:3      | Reached XP level 6. HP: 49/53 MP: 5/5
  1998 | D:4      | Found Dudaniv's Antique Armour Boutique.
  2119 | D:4      | Found a shimmering altar of Xom.
  2308 | D:4      | Noticed Anouleth's ghost (amateur MfIE)
  2328 | D:4      | Killed Anouleth's ghost
  2328 | D:4      | Reached skill level 5 in Fighting
  2328 | D:4      | Reached XP level 7. HP: 32/61 MP: 6/6
  2389 | D:4      | Found a staircase to the Ecumenical Temple.
  2409 | Temple   | Entered the Ecumenical Temple
  2452 | Temple   | Became a worshipper of Nemelex Xobeh the Trickster
  2733 | D:5      | Entered Level 5 of the Dungeon
  2747 | D:5      | Found a sand-covered staircase.
  2859 | D:5      | Noticed Edmund
  2881 | D:5      | Killed Edmund
  2881 | D:5      | Reached skill level 5 in Axes
  2881 | D:5      | Reached skill level 1 in Dodging
  2881 | D:5      | Reached XP level 8. HP: 59/70 MP: 7/7
  2912 | Ossuary  | Entered an ossuary
  3434 | D:5      | HP: 1/68 [orc (3)]
  3435 | D:5      | Slain by an orc

Skill      XL: |  1  2  3  4  5  6  7  8 |
---------------+-------------------------+-----
Fighting       | 4 5 6 |  6.6
Armour         | 4 5 6 7 |  7.4
Shields        | 4 5 6 7 |  7.8
Axes           | 3 4 5 6 |  6.1
Dodging        | 1 |  1.0
Stealth        | |  0.8

Action                   |  1- 3 |  4- 6 |  7- 9 || total
-------------------------+-------+-------+-------++-------
Melee: War axe           |    90 |   127 |   154 ||   371
       Headbutt          |    18 |    23 |    26 ||    67
  Use: Scroll            |     8 |     5 |     3 ||    16
       Potion            |       |     3 |       ||     3
  Eat: Chunk             |       |     5 |     4 ||     9
Armor: Scale mail        |    31 |    13 |       ||    44
       Plate armour      |       |    57 |    80 ||   137
Dodge: Dodged            |    19 |    22 |    32 ||    73
Block: Shield            |    36 |    73 |   103 ||   212
